NCAA
MINNESOTA GOLDEN GOPHERS @ OKLAHOMA STATE COWBOYS
05/18/2026
 
TOP OF THE 1ST
Minnesota Golden Gophers batting - Pitching for Oklahoma State Cowboys : RHP Chad Swanson
Pitching: RHP Chad Swanson
Batting: SHB Sean Brown 0-0: Ball
1-0: SINGLE (Groundball, 3D)
Batting: RHB Tim Glendonwyn 0-0: Called Strike
0-1: Ball
1-1: Foul Ball, location: 2F
1-2: Fly out, F8 (Popup, 6D)
Batting: LHB Ralph Cobb 0-0: Ball
1-0: Ball
2-0: Ball
3-0: Base on Balls
Sean Brown to second
Batting: RHB Julián Ramírez 0-0: Ball
1-0: Fly out, F9 (Line Drive, 9S)
Batting: RHB Ronald Smith 0-0: Called Strike
0-1: Ball
1-1: Swinging Strike
1-2: Ball
2-2: Fly out, F9 (Flyball, 9S)
Top of the 1st over - 0 run(s), 1 hit(s), 0 error(s), 2 left on base; Minnesota 0 - Oklahoma State 0
BOTTOM OF THE 1ST
Oklahoma State Cowboys batting - Pitching for Minnesota Golden Gophers : RHP Aaron Moss
Pitching: RHP Aaron Moss
Batting: LHB Bill Bryan 0-0: Ball
1-0: Foul Ball, location: 2F
1-1: Called Strike
1-2: Strikes out swinging
Batting: RHB Ryan Williams 0-0: Ball
1-0: Swinging Strike
1-1: Foul Ball, location: 2F
1-2: SINGLE (Line Drive, 56D)
Batting: RHB John Lynch 0-0: Hit by Pitch
Ryan Williams to second
Batting: LHB Cristián Rodríguez 0-0: Called Strike
0-1: Swinging Strike
0-2: Strikes out swinging
Batting: RHB Augusto Padilla 0-0: Called Strike
0-1: Reached on error, E5 (Groundball, 56S)
Ryan Williams to third
John Lynch to second
Batting: LHB Horace Kramer 0-0: SINGLE (Groundball, 4MD) (infield hit)
Ryan Williams scores
John Lynch to third
Augusto Padilla to second
Batting: RHB Joe Sulley 0-0: Ball
1-0: Called Strike
1-1: Ball
2-1: Ball
3-1: Fly out, F7 (Flyball, 7M)
Bottom of the 1st over - 1 run(s), 2 hit(s), 1 error(s), 3 left on base; Minnesota 0 - Oklahoma State 1
TOP OF THE 2ND
Minnesota Golden Gophers batting - Pitching for Oklahoma State Cowboys : RHP Chad Swanson
Batting: RHB Christian Nash 0-0: Called Strike
0-1: Ball
1-1: Called Strike
1-2: Ball
2-2: Foul Ball, location: 2F
2-2: SINGLE (Line Drive, 34D)
Batting: RHB Dale Jordan 0-0: Called Strike
0-1: Called Strike
0-2: Ball
1-2: Foul Ball, location: 2F
1-2: Ball
2-2: Ball
3-2: Strikes out swinging
Batting: LHB Tony Ayala 0-0: Ball
1-0: Called Strike
1-1: Foul Ball, location: 2F
1-2: Strikes out swinging
Batting: RHB William Elliott 0-0: Called Strike
0-1: Ground out 5-3 (Groundball, 56S)
Top of the 2nd over - 0 run(s), 1 hit(s), 0 error(s), 1 left on base; Minnesota 0 - Oklahoma State 1
BOTTOM OF THE 2ND
Oklahoma State Cowboys batting - Pitching for Minnesota Golden Gophers : RHP Aaron Moss
Batting: SHB Ernest Hood 0-0: Called Strike
0-1: Swinging Strike
0-2: Ball
1-2: Ball
2-2: Ball
3-2: Base on Balls
Batting: LHB César Colón 0-0: Ball
1-0: Called Strike
1-1: Ball
2-1: Swinging Strike
Passed Ball!
Ernest Hood to second
2-2: Ball
3-2: Fly out, F8 (Flyball, 8LM)
Batting: LHB Bill Bryan 0-0: Swinging Strike
0-1: Ball
1-1: Ball
2-1: Ball
3-1: Base on Balls
Batting: RHB Ryan Williams 0-0: Called Strike
Ernest Hood steals 3rd base
Bill Bryan to second
0-1: Foul Ball, location: 2F
0-2: Strikes out looking
Batting: RHB John Lynch 0-0: Foul Ball, location: 2F
0-1: Ball
1-1: Foul Ball, location: 2F
1-2: Strikes out swinging
Bottom of the 2nd over - 0 run(s), 0 hit(s), 0 error(s), 2 left on base; Minnesota 0 - Oklahoma State 1
TOP OF THE 3RD
Minnesota Golden Gophers batting - Pitching for Oklahoma State Cowboys : RHP Chad Swanson
Batting: SHB Sean Brown 0-0: Fly out, F6 (Line Drive, 6M)
Batting: RHB Tim Glendonwyn 0-0: Called Strike
0-1: Ball
1-1: Ball
2-1: Ball
3-1: Base on Balls
Batting: LHB Ralph Cobb 0-0: Fly out, F7 (Flyball, 7M)
Batting: RHB Julián Ramírez 0-0: Reached on error, E4 (Groundball, 4)
Tim Glendonwyn to third
Batting: RHB Ronald Smith 0-0: Ball
1-0: Called Strike
1-1: Foul Ball, location: 2F
1-2: Foul Ball, location: 2F
1-2: Foul Ball, location: 2F
1-2: Ball
2-2: Ball
3-2: SINGLE (Line Drive, 6MD)
Tim Glendonwyn scores
Julián Ramírez to third
Julián Ramírez scores
Batting: RHB Christian Nash 0-0: Called Strike
0-1: Foul Ball, location: 2F
0-2: Strikes out swinging
Top of the 3rd over - 2 run(s), 1 hit(s), 1 error(s), 1 left on base; Minnesota 2 - Oklahoma State 1
BOTTOM OF THE 3RD
Oklahoma State Cowboys batting - Pitching for Minnesota Golden Gophers : RHP Aaron Moss
Batting: LHB Cristián Rodríguez 0-0: Ball
1-0: Ball
2-0: Called Strike
2-1: Ball
3-1: Foul Ball, location: 2F
3-2: SINGLE (Line Drive, 4MD)
Batting: RHB Augusto Padilla 0-0: Called Strike
0-1: Swinging Strike
0-2: Ball
1-2: Foul Ball, location: 2F
1-2: Foul Ball, location: 2F
1-2: Ball
2-2: Grounds into double play, 5-4-3 (Groundball, 5L)
Batting: LHB Horace Kramer 0-0: Called Strike
0-1: Ball
1-1: Ball
2-1: Ball
3-1: SINGLE (Line Drive, 3D)
Batting: RHB Joe Sulley 0-0: Ball
Horace Kramer is caught stealing 2nd base
Bottom of the 3rd over - 0 run(s), 2 hit(s), 0 error(s), 0 left on base; Minnesota 2 - Oklahoma State 1
TOP OF THE 4TH
Minnesota Golden Gophers batting - Pitching for Oklahoma State Cowboys : RHP Chad Swanson
Batting: RHB Dale Jordan 0-0: Swinging Strike
0-1: Ball
1-1: Fly out, F7 (Flyball, 78M)
Batting: LHB Tony Ayala 0-0: Ball
1-0: Foul Ball, location: 2F
1-1: Ground out 6-3 (Groundball, 6M)
Batting: RHB William Elliott 0-0: Fly out, F9 (Flyball, 89M)
Top of the 4th over - 0 run(s), 0 hit(s), 0 error(s), 0 left on base; Minnesota 2 - Oklahoma State 1
BOTTOM OF THE 4TH
Oklahoma State Cowboys batting - Pitching for Minnesota Golden Gophers : RHP Aaron Moss
Batting: RHB Joe Sulley 0-0: Called Strike
0-1: SINGLE (Line Drive, 6MD)
Batting: SHB Ernest Hood 0-0: Called Strike
Joe Sulley is caught stealing 2nd base
0-1: Foul Ball, location: 2F
0-2: Ball
1-2: Foul Ball, location: 2F
1-2: Foul Ball, location: 2F
1-2: Strikes out swinging
Batting: LHB César Colón 0-0: Ball
1-0: Called Strike
1-1: SINGLE (Line Drive, 56)
Batting: LHB Bill Bryan 0-0: Ball
1-0: Ball
2-0: Called Strike
2-1: Called Strike
César Colón steals 2nd base
2-2: Fly out, F9 (Flyball, 89M)
Bottom of the 4th over - 0 run(s), 2 hit(s), 0 error(s), 1 left on base; Minnesota 2 - Oklahoma State 1
TOP OF THE 5TH
Minnesota Golden Gophers batting - Pitching for Oklahoma State Cowboys : RHP Chad Swanson
Batting: SHB Sean Brown 0-0: Foul Ball, location: 2F
0-1: Fly out, F3 (Line Drive, 3S)
Batting: RHB Tim Glendonwyn 0-0: Called Strike
0-1: Foul Ball, location: 2F
0-2: Ball
1-2: Ball
2-2: Foul Ball, location: 2F
2-2: Ball
3-2: Base on Balls
Batting: LHB Ralph Cobb 0-0: Fly out, F7 (Flyball, 8LM)
Batting: RHB Julián Ramírez 0-0: Called Strike
0-1: Ball
1-1: Swinging Strike
1-2: Ball
2-2: Ball
3-2: Foul Ball, location: 2F
3-2: 2-RUN HOME RUN (Flyball, 8LXD), Distance : 402 ft
Batting: RHB Ronald Smith 0-0: Ball
1-0: Ball
2-0: Fly out, F8 (Line Drive, 8RM)
Top of the 5th over - 2 run(s), 1 hit(s), 0 error(s), 0 left on base; Minnesota 4 - Oklahoma State 1
BOTTOM OF THE 5TH
Oklahoma State Cowboys batting - Pitching for Minnesota Golden Gophers : RHP Aaron Moss
Batting: RHB Ryan Williams 0-0: Called Strike
0-1: Foul Ball, location: 2F
0-2: SINGLE (Line Drive, 5D)
Pitching: RHP Franklin Booth
Batting: RHB John Lynch 0-0: SINGLE (Flyball, 89S)
Ryan Williams to second
Runner from 2nd tries for 3rd, SAFE, throw made to third
Batting: LHB Cristián Rodríguez 0-0: Ball
1-0: Ball
2-0: Ball
3-0: Base on Balls
John Lynch to second
Batting: RHB Augusto Padilla 0-0: Fielders Choice at 2nd, 4-6 (Groundball, 4)
Ryan Williams scores
John Lynch to third
Batting: LHB Horace Kramer 0-0: Ball
1-0: Ball
2-0: Foul Ball, location: 2F
2-1: Ball
3-1: Base on Balls
Augusto Padilla to second
Batting: RHB Joe Sulley 0-0: Ball
1-0: Ball
2-0: Ball
3-0: Called Strike
3-1: Base on Balls
John Lynch scores
Augusto Padilla to third
Horace Kramer to second
Batting: SHB Ernest Hood 0-0: Swinging Strike
0-1: Swinging Strike
0-2: Ball
1-2: Strikes out swinging
Batting: LHB César Colón 0-0: Ball
1-0: SINGLE (Flyball, 8RS)
Augusto Padilla scores
Horace Kramer to third
Joe Sulley to second
Runner from 3rd tries for Home, SAFE, throw made home
Joe Sulley to third
César Colón to second
Batting: LHB Bill Bryan 0-0: Intentional Walk
Batting: RHB Ryan Williams 0-0: Ball
1-0: Called Strike
1-1: Ball
2-1: Fly out, F9 (Flyball, 9M)
Bottom of the 5th over - 4 run(s), 3 hit(s), 0 error(s), 3 left on base; Minnesota 4 - Oklahoma State 5
TOP OF THE 6TH
Minnesota Golden Gophers batting - Pitching for Oklahoma State Cowboys : RHP Chad Swanson
Pitching: RHP Paul Sánchez
Batting: RHB Christian Nash 0-0: Ground out 4-3 (Groundball, 4)
Batting: RHB Dale Jordan 0-0: Called Strike
0-1: Ball
1-1: Ball
2-1: Ball
3-1: Swinging Strike
3-2: Ground out 6-3 (Groundball, 6)
Batting: LHB Tony Ayala 0-0: Ball
1-0: Fly out, F8 (Flyball, 8RM)
Top of the 6th over - 0 run(s), 0 hit(s), 0 error(s), 0 left on base; Minnesota 4 - Oklahoma State 5
BOTTOM OF THE 6TH
Oklahoma State Cowboys batting - Pitching for Minnesota Golden Gophers : RHP Franklin Booth
Pitching: RHP Geoffrey Rogers
Batting: RHB John Lynch 0-0: Called Strike
0-1: Called Strike
0-2: Ball
1-2: Ground out 6-3 (Groundball, 6)
Batting: LHB Cristián Rodríguez 0-0: Ball
1-0: Foul Ball, location: 2F
1-1: Called Strike
1-2: Strikes out swinging
Batting: RHB Augusto Padilla 0-0: Ball
1-0: Fly out, F7 (Flyball, 7LM)
Bottom of the 6th over - 0 run(s), 0 hit(s), 0 error(s), 0 left on base; Minnesota 4 - Oklahoma State 5
TOP OF THE 7TH
Minnesota Golden Gophers batting - Pitching for Oklahoma State Cowboys : RHP Paul Sánchez
Batting: RHB William Elliott 0-0: Ball
1-0: Called Strike
1-1: Called Strike
1-2: Strikes out swinging
Batting: SHB Sean Brown 0-0: Foul Ball, location: 2F
0-1: Ball
1-1: Swinging Strike
1-2: Ground out 1-3 (Groundball, 15)
Batting: RHB Tim Glendonwyn 0-0: Foul Ball, location: 2F
0-1: Foul Ball, location: 2F
0-2: Foul Ball, location: 2F
0-2: Ball
1-2: Ground out 5-3 (Groundball, 5S)
Top of the 7th over - 0 run(s), 0 hit(s), 0 error(s), 0 left on base; Minnesota 4 - Oklahoma State 5
BOTTOM OF THE 7TH
Oklahoma State Cowboys batting - Pitching for Minnesota Golden Gophers : RHP Geoffrey Rogers
Batting: LHB Horace Kramer 0-0: Called Strike
0-1: Ball
1-1: SINGLE (Line Drive, 9S)
Batting: RHB Joe Sulley 0-0: Foul Ball, location: 2F
0-1: Called Strike
Horace Kramer is caught stealing 2nd base
0-2: Fly out, F9 (Line Drive, 9S)
Batting: SHB Ernest Hood 0-0: Foul Ball, location: 2F
0-1: Foul Ball, location: 2F
0-2: Foul Ball, location: 2F
0-2: SINGLE (Line Drive, 89S)
Batting: LHB César Colón 0-0: Called Strike
0-1: Hit by Pitch
Ernest Hood to second
Batting: LHB Bill Bryan 0-0: Called Strike
0-1: Ball
1-1: Foul Ball, location: 2F
1-2: Strikes out looking
Bottom of the 7th over - 0 run(s), 2 hit(s), 0 error(s), 2 left on base; Minnesota 4 - Oklahoma State 5
TOP OF THE 8TH
Minnesota Golden Gophers batting - Pitching for Oklahoma State Cowboys : RHP Paul Sánchez
Pitching: RHP Dawson Piper
Batting: LHB Ralph Cobb 0-0: Ball
1-0: Called Strike
1-1: Called Strike
1-2: Foul Ball, location: 2F
1-2: SOLO HOME RUN (Flyball, 89XD), Distance : 371 ft
Batting: RHB Julián Ramírez 0-0: Ball
1-0: Swinging Strike
1-1: Ball
2-1: Ball
3-1: Base on Balls
Batting: RHB Ronald Smith 0-0: Foul Ball, location: 2F
0-1: Ball
1-1: SINGLE (Groundball, 6M)
Julián Ramírez to second
Batting: RHB Christian Nash 0-0: Called Strike
0-1: Called Strike
0-2: Foul Ball, location: 2F
0-2: Ball
1-2: Ball
2-2: Ball
3-2: Foul Ball, location: 2F
3-2: Base on Balls
Julián Ramírez to third
Ronald Smith to second
Batting: RHB Dale Jordan 0-0: Foul Ball, location: 2F
0-1: Ball
1-1: SINGLE (Line Drive, 6MD)
Julián Ramírez scores
Ronald Smith to third
Christian Nash to second
Batting: LHB Tony Ayala 0-0: Ball
1-0: Ball
2-0: Grounds into fielders choice 1-2 (Groundball, 13S)
Christian Nash to third
Dale Jordan to second
Batting: RHB William Elliott 0-0: Ball
1-0: Ball
2-0: Ball
3-0: Called Strike
3-1: Base on Balls
Christian Nash scores
Dale Jordan to third
Tony Ayala to second
Pitching: RHP Kevin Godfrey
Batting: SHB Sean Brown 0-0: Ball
1-0: Ball
2-0: Ball
3-0: Base on Balls
Dale Jordan scores
Tony Ayala to third
William Elliott to second
Batting: RHB Tim Glendonwyn 0-0: Foul Ball, location: 2F
0-1: Foul Ball, location: 2F
0-2: Ball
1-2: Foul Ball, location: 2F
1-2: Strikes out swinging
Batting: LHB Ralph Cobb 0-0: Called Strike
0-1: Fly out, F8 (Flyball, 8LXD)
Top of the 8th over - 4 run(s), 3 hit(s), 0 error(s), 3 left on base; Minnesota 8 - Oklahoma State 5
BOTTOM OF THE 8TH
Oklahoma State Cowboys batting - Pitching for Minnesota Golden Gophers : RHP Geoffrey Rogers
Pitching: RHP Máximo Rivera
Now at C: Eric Hudson
Now at 3B: Miguel Rodríguez
Now in CF: Matt Pennington
Batting: RHB Ryan Williams 0-0: Ball
1-0: Ball
2-0: Called Strike
2-1: Ball
3-1: Base on Balls
Pitching: RHP Craig Mills
Batting: RHB John Lynch 0-0: SINGLE (Flyball, 78S)
Ryan Williams to second
Pitching: RHP Colm Day
Batting: LHB Cristián Rodríguez 0-0: Swinging Strike
0-1: Swinging Strike
0-2: Strikes out looking
Batting: RHB Augusto Padilla 0-0: Called Strike
0-1: Ball
1-1: Swinging Strike
1-2: Foul Ball, location: 2F
1-2: TRIPLE (Line Drive, 9LS)
Ryan Williams scores
John Lynch scores
Batting: LHB Horace Kramer 0-0: Ball
1-0: Called Strike
1-1: Swinging Strike
1-2: Ball
2-2: Strikes out looking
Batting: RHB Joe Sulley 0-0: Ball
1-0: Ball
2-0: Foul Ball, location: 2F
2-1: Foul Ball, location: 2F
2-2: Ball
3-2: Base on Balls
Batting: SHB Ernest Hood 0-0: SINGLE (Line Drive, 7S)
Augusto Padilla scores
Joe Sulley to second
Batting: LHB César Colón 0-0: Ball
1-0: Foul Ball, location: 2F
1-1: Ball
2-1: Foul Ball, location: 2F
2-2: Ball
3-2: Foul Ball, location: 2F
3-2: Foul Ball, location: 2F
3-2: Base on Balls
Joe Sulley to third
Ernest Hood to second
Batting: LHB Bill Bryan 0-0: Called Strike
0-1: Fly out, F5 (Popup, 6)
Bottom of the 8th over - 3 run(s), 3 hit(s), 0 error(s), 3 left on base; Minnesota 8 - Oklahoma State 8
TOP OF THE 9TH
Minnesota Golden Gophers batting - Pitching for Oklahoma State Cowboys : RHP Kevin Godfrey
Pitching: RHP Stu Morris
Batting: RHB Julián Ramírez 0-0: Ball
1-0: Ball
2-0: Ball
3-0: Called Strike
3-1: Foul Ball, location: 2F
3-2: Strikes out swinging
Batting: RHB Ronald Smith 0-0: Called Strike
0-1: Swinging Strike
0-2: Ball
1-2: Foul Ball, location: 2F
1-2: Ball
2-2: Ball
3-2: Foul Ball, location: 2F
3-2: Foul Ball, location: 2F
3-2: Base on Balls
Batting: RHB Eric Hudson 0-0: Called Strike
0-1: Swinging Strike
0-2: Fly out, F8 (Flyball, 8RM)
Batting: RHB Dale Jordan 0-0: Ball
1-0: Ground out 5-3 (Groundball, 5S)
Top of the 9th over - 0 run(s), 0 hit(s), 0 error(s), 1 left on base; Minnesota 8 - Oklahoma State 8
BOTTOM OF THE 9TH
Oklahoma State Cowboys batting - Pitching for Minnesota Golden Gophers : RHP Colm Day
Pitching: RHP Bruce Rouhan
Batting: RHB Ryan Williams 0-0: Foul Ball, location: 2F
0-1: Foul Ball, location: 2F
0-2: Ball
1-2: SINGLE (Groundball, 34D)
Batting: RHB John Lynch 0-0: Ball
1-0: Called Strike
1-1: SINGLE (Line Drive, 9S)
Ryan Williams to second
Batting: LHB Cristián Rodríguez 0-0: Foul Ball, location: 2F
0-1: Ball
1-1: Ball
2-1: Foul Ball, location: 2F
2-2: 3-RUN HOME RUN (Flyball, 9LD), Distance : 327 ft
Monday, December 5th, 2016 - OOTP Baseball 17.12 Build 75